 Dungeon Crawl Stone Soup version 0.28-a0-1406-ga8dd43b1d0 (webtiles) character file.

Game seed: 17290253969674684772

1432 Lekart the Magician (level 8, -18/67 HPs)
             Began as a Red Draconian Fighter on Jan 6, 2022.
             Was a Believer of Vehumet.
             Demolished by a two-headed ogre (31 damage)
             ... on level 7 of the Dungeon.
             The game lasted 00:11:30 (7165 turns).

Lekart the Magician (Red Draconian Fighter)         Turns: 7165, Time: 00:11:31

Health: -18/67     AC:  7    Str: 19    XL:     8   Next: 45%
Magic:  17/17      EV: 12    Int:  9    God:    Vehumet [**....]
Gold:   234        SH:  4    Dex: 12    Spells: 12/18 levels left

rFire   + . .      SeeInvis .   e - +2 long sword (venom)
rCold   . . .      Faith    .   b - +0 buckler
rNeg    . . .      Spirit   .   (armour unavailable)
rPois   +          Reflect  .   (helmet restricted)
rElec   +          Harm     .   p - -4 cloak "Buob" {-Tele Rampage rElec rPois}
rCorr   .          Rampage  +   k - +0 pair of gloves
Will    .....      NoTele   +   f - +2 pair of boots
Stlth   +.........              (no amulet)
HPRegen 0.21/turn               (no ring)
MPRegen 0.15/turn               (no ring)

@: no status effects
A: breathe fire, AC +6, unfitting armour, fire resistance 1, cold-blooded, claws
1, high mp 1
a: Breathe Fire, Renounce Religion


You were on level 7 of the Dungeon.
You worshipped Vehumet.
Vehumet was pleased with you.
You visited 2 branches of the dungeon, and saw 8 of its levels.
You also visited: Sewer.

You collected 234 gold pieces.

Inventory:

Hand Weapons
 e - a +2 long sword of venom (weapon)
 i - a +1 war axe of flaming
Armour
 b - a +0 buckler (worn)
 f - a +2 pair of boots (worn)
 k - a +0 pair of gloves (worn)
 p - the -4 cloak "Buob" (worn) {-Tele Rampage rElec rPois}
   (You found it on level 7 of the Dungeon)

   rElec:     It insulates you from electricity.
   rPois:     It protects you from poison.
   -Tele:     It prevents most forms of teleportation.
   Rampage:   It bestows one free step when moving towards enemies.
Wands
 a - a wand of acid (4)
Scrolls
 g - 2 scrolls of enchant weapon
 j - a scroll of identify
 m - a scroll of fog
 n - a scroll of summoning
Potions
 c - a potion of might
 d - 2 potions of haste
 h - a potion of curing
 o - a potion of magic {unknown}


   Skills:
 + Level 4.6 Fighting
 + Level 4.3 Long Blades
 + Level 4.1 Dodging
 + Level 3.7 Shields
 * Level 5.5 Spellcasting
 + Level 3.1 Conjurations
 + Level 3.3 Air Magic
 + Level 1.6 Poison Magic


You had 12 spell levels left.
You knew the following spells:

 Your Spells              Type           Power      Damage    Failure   Level
a - Shock                 Conj/Air       32%        1d5       9%          1
b - Poisonous Vapours     Pois/Air       14%        N/A       17%         2
c - Stone Arrow           Conj/Erth      10%        3d7       43%         3

Your spell library contained the following spells:

 Spells                   Type           Power      Damage    Failure   Level
 Static Discharge         Conj/Air       8%         N/A       12%         2
 Foxfire                  Conj/Fire      20%        2x1d5     16%         1
 Corpse Rot               Necr/Air       10%        N/A       24%         2
 Pain                     Necr           8%         1d4       30%         1
 Conjure Flame            Conj/Fire      5%         6-21      43%         3
 Inner Flame              Hex/Fire       2%         N/A       67%         3
 Flame Wave               Conj/Fire      5%         2d4       85%         4
 Lightning Bolt           Conj/Air       4%         1d15      92%         5
 Dispel Undead            Necr           2%         3d7       97%         4
 Agony                    Necr           2%         N/A       100%        5
 Excruciating Wounds      Necr           1%         N/A       100%        5
 Death Channel            Necr           1%         N/A       100%        6
 Maxwell's Capacitive Co  Air            4%         ∞         100%        8


Dungeon Overview and Level Annotations

Branches:
Dungeon (8/15)             Temple (1/1) D:4           Sewer (visited)
   Lair: D:8-11

Altars:
Ashenzari
Dithmenos
Elyvilon
Gozag
Hepliaklqana
Kikubaaqudgha
Makhleb
Nemelex Xobeh
Qazlal
Ru
Sif Muna
Uskayaw
Vehumet
Wu Jian
Yredelemnul
The Shining One


Innate Abilities, Weirdness & Mutations

You can breathe blasts of fire.
Your fiery red scales are hard. (AC +6)
You cannot fit into any form of body armour.
Your flesh is heat resistant. (rF+)
You are cold-blooded and may be slowed by cold attacks.
You have sharp fingernails.
You have an increased reservoir of magic. (+10% MP)


Message History

This spell is dangerous to cast!
Memorise Stone Arrow, consuming 3 spell levels and leaving 12?
Vehumet grants you knowledge of Stone Arrow.
You start memorising the spell.
You continue memorising. x3
You finish memorising.
You add the spell Stone Arrow to your library.
Spell assigned to 'c'.
Done exploring.
(D) Dungeon (T) Temple
Where to? (Enter - D:6, ? - help)
There is a stone staircase leading up here.
You see here a +0 scale mail.
There is a stone staircase leading down here.
You climb downwards.
There is a stone staircase leading up here.
Things that are here:
a stone; a +0 dagger
(D) Dungeon (T) Temple
Where to? (Enter - D:7, ? - help)
Things that are here:
6 poisoned darts; a +0 short sword
Things that are here:
a +0 short sword; 8 poisoned darts; a +0 dagger
Things that are here:
3 poisoned darts; a +0 short sword
There is a stone staircase leading down here.
You climb downwards.
The two-headed ogre closely misses you.
The two-headed ogre completely misses you.
There is a stone staircase leading up here.
A two-headed ogre is nearby!
The two-headed ogre hits you with a +0 giant spiked club!!
The two-headed ogre hits you with a +0 giant club!!
* * * LOW HITPOINT WARNING * * *
You hear a shout!
You climb upwards.
There is a stone staircase leading down here.
As you read the scroll of summoning, it crumbles to dust.
Wisps of shadow whirl around you...
The two-headed ogre hits you with a +0 giant spiked club!!
You die...

..####....#......# #..#.#
######....#....#.# #..#.#
..........#....#.# #..#.#
##........#....#.# #..#.#
##.............#.# #..#.########
##...........#.#.####..#.........
#.............#.g.......########
##...........#.#O#######.# #
..............l.@......#.# #
.........####..#g#####.#.# #
...............<.......#.# #
.......#.###....g.....##.# #
.......#...#....g........# #
.......###.#..........#### #
.......###.#..........# #
.......#...#..........# #
.......###.#..........# #


You could see a two-headed ogre (ally target), a friendly wyvern (summoned), a
friendly gnoll shaman (summoned) and 3 friendly gnolls.

Vanquished Creatures
  3 water moccasins (D:6)
  Pargi (Sewer)
  A black bear (D:4)
  A necrophage (D:7)
  An orc warrior (D:6)
  An ogre (D:6)
  A sky beast (D:6)
  A kobold brigand (D:7)
  2 bullfrogs
  A howler monkey (D:7)
  2 orc priests
  A gnoll shaman (D:6)
  2 iguanas
  An orc wizard (D:6)
  A howler monkey zombie (D:7)
  4 adders
  A shadow imp (D:6)
  A white imp (D:7)
  An adder skeleton (D:4)
  2 worms
  3 dart slugs
  15 orcs
  12 ball pythons
  A bat skeleton (D:2)
  7 endoplasms
  3 giant cockroaches
  9 hobgoblins
  3 jackals (D:2)
  2 quokkas (D:1)
  5 bats
  7 frilled lizards
  4 goblins
  13 kobolds
  6 rats
119 creatures vanquished.

Notes
Turn   | Place    | Note
-------+----------+-------------------------------------------
     0 | D:1      | Lekart the Draconian Fighter began the quest for the Orb.
     0 | D:1      | Reached XP level 1. HP: 19/19 MP: 1/1
    83 | D:1      | Reached XP level 2. HP: 26/26 MP: 2/2
   660 | D:2      | Reached XP level 3. HP: 31/33 MP: 3/3
  1164 | D:2      | Found a faded altar of an unknown god.
  1556 | D:2      | Prayed at the altar of an unknown god.
  1556 | D:2      | Became a worshipper of Vehumet
  1556 | D:2      | Reached * piety under Vehumet
  1556 | D:2      | Offered knowledge of Shock by Vehumet.
  1617 | D:3      | Learned a level 1 spell: Shock
  1622 | D:3      | Reached XP level 4. HP: 30/40 MP: 1/4
  1823 | D:3      | Found a glowing drain.
  1838 | Sewer    | Entered a sewer
  1892 | Sewer    | Noticed Pargi
  1909 | Sewer    | Killed Pargi
  1910 | Sewer    | Reached skill level 1 in Spellcasting
  1910 | Sewer    | Reached XP level 5. HP: 9/46 MP: 0/6
  2370 | Sewer    | Gained mutation: You have sharp fingernails. [potion of
                  | mutation]
  2370 | Sewer    | Gained mutation: Your spells are a little harder to cast,
                  | but a little more powerful. [potion of mutation]
  2401 | D:3      | Lost mutation: Your spells are a little harder to cast, but
                  | a little more powerful. [potion of mutation]
  2401 | D:3      | Gained mutation: You have an increased reservoir of magic.
                  | (+10% MP) [potion of mutation]
  2690 | D:3      | Found a large runed translucent door.
  2691 | D:3      | Found a large runed translucent door.
  2906 | D:3      | Offered knowledge of Poisonous Vapours by Vehumet.
  2910 | D:3      | Learned a level 2 spell: Poisonous Vapours
  3273 | D:3      | Reached skill level 1 in Conjurations
  3324 | D:3      | Found a stormy altar of Qazlal.
  3493 | D:3      | Reached ** piety under Vehumet
  3494 | D:3      | Reached skill level 2 in Spellcasting
  3494 | D:3      | Reached skill level 1 in Air Magic
  3494 | D:3      | Reached XP level 6. HP: 40/52 MP: 2/10
  3814 | D:3      | Found a hazy altar of Hepliaklqana.
  3826 | D:3      | Found an opulent altar of Gozag.
  4253 | D:4      | Found a staircase to the Ecumenical Temple.
  4273 | Temple   | Entered the Ecumenical Temple
  4540 | D:4      | You fall into a shaft and drop 3 floors!
  4576 | D:7      | Reached skill level 3 in Spellcasting
  4798 | D:7      | Your scales start taking on a fiery red colour.
  4798 | D:7      | Reached XP level 7. HP: 58/59 MP: 3/13
  4798 | D:7      | Gained mutation: Your flesh is heat resistant. (rF+) [Red
                  | Draconian growth]
  5231 | D:7      | Identified the -4 cloak "Buob" {-Tele Rampage rElec rPois}
  5897 | D:8      | Noticed a two-headed ogre
  6099 | D:6      | Found a hide-covered altar of Uskayaw.
  6206 | D:6      | Reached skill level 4 in Spellcasting
  6417 | D:6      | Reached skill level 1 in Poison Magic
  6417 | D:6      | Reached XP level 8. HP: 62/67 MP: 2/16
  6524 | D:6      | Reached skill level 5 in Spellcasting
  6694 | D:6      | Offered knowledge of Stone Arrow by Vehumet.
  7110 | D:6      | Learned a level 3 spell: Stone Arrow
  7165 | D:7      | Demolished by a two-headed ogre

Illustrated notes

Levels and vault maps discovered:
D:1:      mushboom_english_gardens, layout_rooms
D:2:      minmay_inner_zag, layout_loops_ring, nicolae_ecumenical_lake_church,
          amcnicky_mini_pool_small
D:3:      minmay_spotlight, layout_loops_ring, jmf_multi_god_temple2,
          lemuel_coloured_pillars_altar, cheibrodos_sewer_entry_drain,
          nrook_uturn, kennysheep_generic_room_10
D:4:      layout_gridville, zin_purify, minmay_temple_entry_trees,
          nicolae_figureground_sparkle, uniq_pargi, uniq_pikel, uniq_duvessa
D:6:      minmay_evil_eye, layout_basic, marbit_many_paths
D:7:      layout_basic
D:8:      layout_loops_ring, kennysheep_mini, lemuel_tele_altar,
          gammafunk_ghost_grave, amethyst_killhole, nicolae_zen_rock_garden,
          kennysheep_potato
Temple:   minmay_temple_bridge_abc

Skill      XL: |  1  2  3  4  5  6  7  8 |
---------------+-------------------------+-----
Dodging        | 3 4 |  4.1
Fighting       | 4 |  4.6
Long Blades    | 3 4 |  4.3
Spellcasting   | 1 2 3 4 5 |  5.5
Conjurations   | 1 2 3 |  3.1
Air Magic      | 1 2 3 |  3.3
Poison Magic   | 1 |  1.6
Shields        | |  3.7

Action                   |  1- 3 |  4- 6 |  7- 9 || total
-------------------------+-------+-------+-------++-------
Melee: Long sword        |   128 |    79 |    44 ||   251
       Tailslap          |    10 |     7 |     2 ||    19
 Cast: Shock             |     2 |    93 |    82 ||   177
       Poisonous Vapours |       |    11 |     3 ||    14
 Abil: Breathe Fire      |       |       |     3 ||     3
  Use: Scroll            |     2 |     4 |     4 ||    10
       Potion            |       |     8 |       ||     8
 Stab: Sleeping          |     2 |       |       ||     2
Armor: Skin              |    58 |    66 |    30 ||   154
Dodge: Dodged            |    88 |    99 |    58 ||   245
Block: Buckler           |    27 |    36 |     9 ||    72

Table legend: (Time is in decaauts)
 A = Elapsed time spent in this place.
 B = Non-inter-level travel time spent in this place.
 C = Inter-level travel time spent in this place.
 D = Time resting spent in this place.
 E = Time spent auto-exploring this place.
 F = Levels seen in this place.
 G = Mean time per level.
                   A        B        C        D        E       F      G
               +--------+--------+--------+--------+--------+-----+--------+
         Total |   7293 |   7041 |    252 |    526 |   5347 |   9 |  810.3 |
       Dungeon |   6423 |   6194 |    229 |    251 |   4936 |   7 |  917.6 |
        Temple |    265 |    242 |     23 |      0 |    237 |   1 |  265.0 |
         Sewer |    604 |    604 |      0 |    275 |    174 |   1 |  604.0 |
               +--------+--------+--------+--------+--------+-----+--------+

Top non-repeatable levels by time:
     D:3: 1772 daAuts
     D:7: 1407 daAuts
     D:6: 1228 daAuts
     D:2: 1108 daAuts
   Sewer: 604 daAuts
     D:1: 551 daAuts
     D:4: 350 daAuts
  Temple: 265 daAuts
     D:8: 4 daAuts
